 Dungeon Crawl Stone Soup version 0.17-a0-633-gcf22183 (webtiles) character file.

292926 Magnus the Imperceptible (level 20, -4/112 HPs)
             Began as a Spriggan Assassin on Apr 16, 2015.
             Was the Champion of Dithmenos.
             Engulfed by a salamander stormcaller's flame (19 damage)
             ... on level 5 of the Vaults on Apr 17, 2015.
             The game lasted 05:58:56 (54744 turns).

Magnus the Imperceptible (Spriggan Assassin)       Turns: 54744, Time: 05:58:56

Health: -4/112     AC:  8    Str:  3    XL:     20   Next: 0%
Magic:  0/32       EV: 42    Int: 13    God:    Dithmenos [******]
Gold:   2815       SH:  0    Dex: 26    Spells: 0 memorised, 19 levels left

rFire  . . .     SeeInvis +     x - +9 dagger (distort)
rCold  . . .     Clarity  .     E - +1 robe of the Salamander {+Inv rElec Str-4 SInv}
rNeg   . . .     SustAb   .     (shield restricted)
rPois  .         Gourm    .     t - +2 hat {Spirit}
rElec  +         Spirit   +     d - +2 cloak
rCorr  .         Warding  .     (gloves unavailable)
rMut   .         Stasis   .     (boots unavailable)
MR     ++++.                    T - amulet of rage
Stlth  +++++.....               e - ring of protection from magic
                                K - ring of teleport control

@: contaminated, glowing, invisible (but backlit and visible), very quick,
incredibly resistant to hostile enchantments, quite stealthy
A: unfitting armour, horns 1, see invisible, herbivore 3, speed 3, slow
metabolism 2, no device heal 1
a: Shadow Step, Shadow Form, Renounce Religion, Evoke Berserk Rage, Turn
Visible, Evoke Teleport Control
}: 2/15 runes: decaying, gossamer


You were on level 5 of the Vaults.
You worshipped Dithmenos.
Dithmenos was exalted by your worship.
You were hungry.

You visited 5 branches of the dungeon, and saw 38 of its levels.
You also visited: Ice Cave.

You collected 2977 gold pieces.
You spent 162 gold pieces at shops.

Inventory:

Hand weapons
 x - a +9 dagger of distortion (weapon)
Armour
 d - a +2 cloak (worn)
 r - the +1 robe of Biost {rF+ Str+2 Int+3}
   (You took it off a tengu conjurer on level 2 of the Vaults)

   It affects your strength (+2).
   It affects your intelligence (+3).
   It protects you from fire.
 t - a +2 hat of spirit shield (worn)
 w - the +1 hat of Music {Regen+ Str+4}
   (You found it on level 2 of the Vaults)

   It affects your strength (+4).
   It increases your rate of regeneration.
 E - the +1 robe of the Salamander (worn) {+Inv rElec Str-4 SInv}
   (You found it on level 2 of the Vaults)

   It affects your strength (-4).
   It insulates you from electricity.
   It enhances your eyesight.
   It lets you turn invisible.
Jewellery
 a - an uncursed ring of wizardry
 c - an uncursed amulet of regeneration
 e - a ring of protection from magic (right hand)
 h - an uncursed ring of invisibility
 D - an uncursed ring of protection from cold
 I - a cursed ring of flight
 K - a ring of teleport control (left hand)
 R - an uncursed ring of see invisible
 T - an amulet of rage (around neck)
 V - a cursed ring of teleportation
 W - an uncursed ring of poison resistance
Magical devices
 m - a wand of digging (14)
 H - a wand of teleportation (8)
 M - a wand of heal wounds (5)
 P - a wand of invisibility (3)
 Y - a wand of hasting (3)
Scrolls
 l - 10 scrolls of amnesia
 n - 16 scrolls of teleportation
 q - 2 scrolls of magic mapping
 s - 6 scrolls of identify
 y - a scroll of holy word
 z - 2 scrolls of brand weapon
 A - 11 scrolls of remove curse
 B - a scroll of silence
 N - 4 scrolls of fear
 O - 10 scrolls of enchant weapon
 Q - a scroll of recharging
 S - 10 scrolls of blinking
Potions
 b - a potion of cancellation
 f - 3 potions of ambrosia
 i - 12 potions of might
 k - a potion of agility
 o - 3 potions of resistance
 p - 13 potions of curing
 u - 5 potions of haste
 v - 6 potions of heal wounds
 C - 4 potions of berserk rage
 F - 6 potions of brilliance
 G - a potion of beneficial mutation
 J - 3 potions of invisibility
 L - 2 potions of restore abilities
Miscellaneous
 U - 2 phantom mirrors
 X - a crystal ball of energy
 Z - a disc of storms
Comestibles
 g - 21 bread rations


   Skills:
 + Level 14.6 Fighting
 + Level 18.4 Short Blades
 - Level 2.1 Throwing
 + Level 22.8 Dodging
 + Level 24.8 Stealth
 - Level 15.0 Evocations


You had 19 spell levels left.
You didn't know any spells.

Dungeon Overview and Level Annotations

Branches:
Dungeon (15/15)            Temple (0/1) D:6            Lair (8/8) D:11
  Swamp (5/5) Lair:4       Spider (5/5) Lair:6        Slime (0/6) Lair:6
    Orc (0/4) D:12         Vaults (5/5) D:13          Crypt (0/3) Vaults:3
 Depths (0/5) D:15

Altars:
Cheibriados
Dithmenos
Elyvilon
Kikubaaqudgha
Makhleb
Nemelex Xobeh
Okawaru
Ru
Sif Muna
Trog
Vehumet
Xom
Yredelemnul
Zin
The Shining One
Jiyva

Shops:
D:8 %=[*(   D:11 *!%?

Annotations:
D:10 angelmind's ghost, powerful FoVM


Innate Abilities, Weirdness & Mutations

You are tiny and cannot use many weapons and most armour.
You have supernaturally acute eyesight.
You are a herbivore.
You cover ground extremely quickly.
You need consume almost no food.
You have a pair of small horns on your head.
Potions and wands are less effective at restoring your health.


Message History

A stone giant comes into view.
A fire giant comes into view.
It is wielding a great sword of flaming.
The salamander stormcaller casts a spell at you.
A raging storm of fire appears!
The great blast of fire engulfs you!
* * * LOW HITPOINT WARNING * * *
The great blast of fire engulfs the ogre mage.
The great blast of fire engulfs the vault guard. x2
The vault guard dies!
The great blast of fire engulfs the vault guard.
You hear a shout! x8
You hear two shouts!
You hear a shout! 4 fire vortices and a yaktaur captain come into view.
You see here a bolt.
Unknown command.
Evoke which item? (* to show all) (? for menu, Esc to quit)
Zapping:
M - a wand of heal wounds (6)
Press: ? - help, Shift-Dir - straight line, f - you You feel much better.
This wand has 5 charges left.
You are engulfed in roaring flames.
You die...

,*..#*,,**,,,.:X,,,**,,*#..#..#
,*...*,,,**,,$%$,,**,,,#...#..#
,*#..#*,,,*,,...,,*,,,##..##..#
,*#...##,.**,...,**,,##...##..#
,**.ppc#...###.###.,,#..C.##..#
,*,,#pp##,..Cp.....,##..#..#..#
,*,,#§.(##,,N....,,##...#..#..#
,#..##§.(#####§#####...##..#..#
,#..§)).cC....v§@vpp...p...#..#
...v..##.....(vOv§p.)##.......#
...###*###################....#
..,,,,........................#
.,,,,,.......................)#
******#########################


You could see a fire giant, a stone giant, a vault warden, a yaktaur captain, 2
vault guards, a salamander stormcaller, an ogre mage (invisible), a vault
sentinel and 4 fire vortices.

Vanquished Creatures
  Sojobo (Vaults:2)
  Norris (Vaults:2)
  Rupert (D:12)
  Frances (D:12)
  2 thorn hunters
  3 tengu reavers (Vaults:2)
  3 frost giants
  2 vault wardens
  Louise (Swamp:2)
  5 emperor scorpions
  4 ghost moths
  A very ugly thing (Vaults:4)
  11 ironheart preservers
  6 stone giants
  A deep elf demonologist (Vaults:3)
  2 deep elf annihilators (Vaults:3)
  3 ettins
  Erolcha (D:8)
  3 vault guards
  A deep elf death mage (Vaults:3)
  Josephine (D:15)
  5 yaktaur captains
  2 fire dragons
  2 rakshasas (Vaults:1)
  21 hydras
  A great orb of eyes (Vaults:1)
  An entropy weaver (Spider:3)
  2 ice dragons
  7 centaur warriors
  A ghost crab (Swamp:5)
  5 ogre magi
  5 alligators
  4 salamander stormcallers
  2 deep troll shamans (Vaults:2)
  4 tengu warriors (D:15)
  3 deep troll earth magi
  2 fire crabs (Vaults:4)
  3 unseen horrors
  A deep elf knight (Vaults:1)
  6 deep trolls
  A shadow wraith (Vaults:5)
  2 ice devils (IceCv)
  14 ironbrand convokers
  An ice statue (IceCv)
  A swamp dragon (Swamp:2)
  Pikel (D:4)
  9 hill giants
  2 necromancers
  A phantasmal warrior (Vaults:4)
  16 orb spiders
  3 wizards
  33 wolf spiders
  3 orc knights
  A deep elf conjurer (Vaults:3)
  4 cyclopes
  2 manticores
  8 griffons
  An elephant (shapeshifter) (Vaults:4)
  A moth of wrath (Spider:5)
  21 ugly things
  7 hornets
  2 orc sorcerers (Vaults:1)
  13 elephants (Lair:7)
  Joseph (D:8)
  A torpor snail (Lair:7)
  Psyche (D:8)
  12 vault sentinels
  7 black mambas
  22 spiny frogs
  3 gargoyles
  A queen ant (Lair:4)
  A centaur skeleton (D:11)
  41 yaktaurs
  2 fire drakes
  2 redback zombies
  2 spiny frogs (shapeshifter)
  11 demonic crawlers
  3 blue devils (IceCv)
  6 freezing wraiths
  8 komodo dragons
  4 deep elf priests
  2 spriggan druids
  37 jumping spiders
  3 tengu conjurers
  2 trolls (shapeshifter)
  25 blink frogs
  A queen bee (shapeshifter) (D:14)
  7 trolls
  5 giant leeches
  A two-headed ogre (shapeshifter) (Vaults:3)
  4 baby alligators
  3 polar bears
  7 trapdoor spiders
  A trapdoor spider zombie (D:13)
  6 bog bodies
  24 slime creatures
  A jumping spider (shapeshifter) (Vaults:3)
  10 ravens
  3 boulder beetles
  19 two-headed ogres
  17 tarantellas
  16 spriggans
  A water elemental (D:13)
  6 wraiths
  A spriggan (shapeshifter) (D:15)
  5 basilisks
  11 deep elf fighters
  2 vampires (D:14)
  30 redbacks
  2 hungry ghosts
  4 shadows
  5 deep elf magi
  18 yaks
  3 wyverns
  6 hippogriffs
  20 soldier ants (Lair:4)
  22 insubstantial wisps
  A mottled dragon (D:12)
  4 wargs
  Edmund (D:4)
  20 water moccasins
  52 vampire mosquitoes
  5 swamp worm simulacra (Swamp:5)
  24 swamp worms
  11 porcupines
  A slave (D:4)
  Duvessa (D:7)
  A swamp drake (shapeshifter) (D:15)
  24 wolves
  16 orc warriors
  7 ice beasts
  7 swamp drakes
  An eye of draining (D:10)
  39 spiders
  14 hydra simulacra (Swamp:5)
  4 sky beasts
  2 phantoms
  6 black bears
  A necrophage (D:6)
  8 wasps
  25 ogres
  3 boring beetles
  13 crocodiles
  2 big kobolds
  32 centaurs
  17 giant frogs
  A gnoll sergeant (D:5)
  A wyvern zombie (D:14)
  4 scorpions
  A wyvern skeleton (D:13)
  Dowan (D:7)
  7 killer bees
  A tengu zombie (Vaults:2)
  A human simulacrum (Vaults:1)
  4 wights (D:6)
  4 electric eels
  4 goliath beetles (Spider:5)
  4 crimson imps
  3 quasits
  3 giant frog zombies
  6 centaur zombies
  3 hounds
  2 jellies (D:9)
  A draconian simulacrum (IceCv)
  5 orc priests
  8 orc wizards
  3 giant frog skeletons
  Terence (D:3)
  27 worker ants
  6 iguanas
  6 troll simulacra (IceCv)
  11 sheep
  2 centaur simulacra (IceCv)
  2 hound zombies (D:8)
  5 mummies
  6 gnolls
  10 adders
  62 river rats
  2 oozes
  A worm (D:9)
  An adder skeleton (D:11)
  3 swamp drake simulacra (Swamp:5)
  5 giant geckos
  52 orcs
  16 bats
  3 bat skeletons
  8 goblins
  11 hobgoblins
  7 jackals
  31 kobolds
  2 quokkas
  3 giant cockroaches
  3 giant newts
  A jackal skeleton (D:7)
  24 rats
  A ballistomycete (D:13)
1457 creatures vanquished.

Vanquished Creatures (collateral kills)
  A wolf (Lair:6)
1 creature vanquished.

Vanquished Creatures (others)
  A lich (Vaults:2)
  A frost giant (Vaults:4)
  3 vault wardens
  An ironheart preserver (Vaults:3)
  A stone giant (Vaults:3)
  A rakshasa (Vaults:1)
  A very ugly thing (Vaults:3)
  3 yaktaur captains
  3 vault guards
  2 hydras
  2 ogre magi (Vaults:4)
  3 centaur warriors
  A tengu warrior (D:13)
  An alligator (Swamp:5)
  A salamander stormcaller (Vaults:3)
  A deep elf knight (D:15)
  2 skeletal warriors (D:14)
  An ice devil (IceCv)
  3 deep trolls
  A hill giant (D:13)
  An ice statue (IceCv)
  5 orc knights
  3 ironbrand convokers
  A wolf spider (Spider:5)
  2 griffons
  A hornet (Spider:1)
  An ugly thing (Vaults:2)
  An orb spider (Spider:4)
  A guardian serpent (shapeshifter) (Vaults:4)
  A black mamba (Lair:8)
  3 vault sentinels
  A spiny frog (Swamp:5)
  4 demonic crawlers
  6 yaktaurs
  A komodo dragon (Lair:4)
  4 jumping spiders
  A tengu conjurer (Vaults:2)
  A polar bear (Lair:8)
  A slime creature (Vaults:1)
  A slime creature (shapeshifter) (Vaults:5)
  A two-headed ogre (Vaults:3)
  2 bog bodies
  2 ravens
  A shadow (Swamp:1)
  A baby alligator (Swamp:5)
  A tarantella (Spider:2)
  A redback (Spider:3)
  A wyvern (Lair:7)
  3 trapdoor spiders
  2 yaks
  2 hippogriffs
  A yaktaur simulacrum (Vaults:1)
  A mottled dragon (D:14)
  2 deep elf fighters
  3 vampire mosquitoes
  5 wolves (Lair:8)
  A soldier ant (D:12)
  3 insubstantial wisps
  4 swamp worms
  2 ice beasts (D:12)
  4 water moccasins (Swamp:5)
  4 ogres
  A centaur (D:13)
  2 orc warriors
  A crocodile (D:11)
  A necrophage (D:9)
  A big kobold (D:9)
  A giant frog (D:15)
  A wyvern skeleton (D:14)
  2 orc wizards
  An orc priest (D:4)
  2 centaur skeletons
  2 iguanas
  A troll simulacrum (IceCv)
  A sheep (Lair:1)
  6 river rats
  An orc (D:4)
  A bat (D:4)
  A bat skeleton (D:4)
  A hobgoblin (D:6)
  A kobold (D:9)
  A giant spore (D:13)
  11 fungi
  2 plants (Lair:8)
162 creatures vanquished.

Grand Total: 1620 creatures vanquished

Notes
Turn   | Place    | Note
--------------------------------------------------------------
     0 | D:1      | Magnus, the Spriggan Assassin, began the quest for the Orb.
     0 | D:1      | Reached XP level 1. HP: 10/10 MP: 2/2
   113 | D:1      | Found a shimmering altar of Xom.
   116 | D:1      | Reached skill level 6 in Stealth
   148 | D:1      | Reached XP level 2. HP: 15/15 MP: 3/3
   964 | D:2      | Found a white marble altar of Elyvilon.
   998 | D:2      | Reached XP level 3. HP: 15/18 MP: 4/4
  1180 | D:2      | Found a glowing golden altar of the Shining One.
  1633 | D:3      | Found a sparkling altar of Nemelex Xobeh.
  1722 | D:3      | Noticed Terence
  1756 | D:3      | Killed Terence
  1756 | D:3      | Reached XP level 4. HP: 23/23 MP: 5/5
  2119 | D:3      | Found a sacrificial altar of Ru.
  2123 | D:3      | Found a shadowy altar of Dithmenos.
  2125 | D:3      | Found an ancient bone altar of Kikubaaqudgha.
  2129 | D:3      | Found a deep blue altar of Sif Muna.
  2131 | D:3      | Became a worshipper of Dithmenos the Shadowed
  2134 | D:3      | Found a basalt altar of Yredelemnul.
  2136 | D:3      | Found a burning altar of Makhleb.
  2344 | D:4      | Noticed Pikel
  2345 | D:4      | Noticed a slave
  2366 | D:4      | Noticed a slave
  2368 | D:4      | Noticed a slave
  3204 | D:4      | Killed a slave
  3600 | D:4      | Killed Pikel
  3600 | D:4      | Reached skill level 5 in Dodging
  3600 | D:4      | Reached skill level 8 in Stealth
  3600 | D:4      | Reached XP level 5. HP: 4/28 MP: 5/8
  3600 | D:4      | Reached XP level 6. HP: 4/32 MP: 5/9
  3600 | D:4      | Reached XP level 7. HP: 4/36 MP: 5/10
  4163 | D:4      | Noticed Edmund
  4166 | D:4      | Killed Edmund
  4209 | D:4      | Noticed a freed slave
  4386 | D:5      | Entered Level 5 of the Dungeon
  4424 | D:5      | Found a glowing silver altar of Zin.
  4424 | D:5      | Found a snail-covered altar of Cheibriados.
  4458 | D:5      | Reached skill level 5 in Short Blades
  4684 | D:5      | Reached XP level 8. HP: 41/41 MP: 9/12
  4699 | D:5      | Acquired Dithmenos's first power
  5050 | D:6      | Reached skill level 9 in Stealth
  5050 | D:6      | Reached skill level 5 in Evocations
  5396 | D:6      | Found a staircase to the Ecumenical Temple.
  6490 | D:7      | Reached skill level 10 in Stealth
  6566 | D:7      | Reached XP level 9. HP: 46/46 MP: 14/14
  6607 | D:7      | Noticed Dowan
  6616 | D:7      | Noticed Duvessa
  6622 | D:7      | Killed Dowan
  6769 | D:7      | Killed Duvessa
  7022 | D:7      | Found a bloodstained altar of Trog.
  7023 | D:7      | Found an iron altar of Okawaru.
  7781 | D:8      | Found Ariroug's Antique Armour Shoppe.
  7790 | D:8      | Bought an embroidered hat for 136 gold pieces
  7807 | D:8      | Noticed a cyclops
  7818 | D:8      | Killed a cyclops
  7818 | D:8      | Reached skill level 5 in Fighting
  7898 | D:8      | Found Ocaczul's Jewellery Shoppe.
  7926 | D:8      | Noticed Psyche
  7938 | D:8      | Killed Psyche
  7961 | D:8      | Found Gubbyag's Food Shop.
  7965 | D:8      | Bought a royal jelly for 26 gold pieces
  8290 | D:8      | Noticed Joseph
  8300 | D:8      | Killed Joseph
  8300 | D:8      | Reached skill level 11 in Stealth
  8330 | D:8      | Noticed Erolcha
  8332 | D:8      | Killed Erolcha
  8332 | D:8      | Reached XP level 10. HP: 51/53 MP: 15/17
  8350 | D:8      | Found Vororeunk's Antique Weapon Emporium.
  8415 | D:8      | Acquired Dithmenos's second power
  8490 | D:8      | Found Saetante's Assorted Antiques.
  8562 | D:9      | Noticed a moth of wrath
  8564 | D:9      | Found a bloodstained altar of Trog.
  8660 | D:9      | Noticed a hill giant
  8672 | D:9      | Killed a hill giant
  8672 | D:9      | Reached skill level 10 in Dodging
  8821 | D:9      | Reached skill level 12 in Stealth
  9162 | D:10     | Entered Level 10 of the Dungeon
  9394 | D:10     | Noticed angelmind's ghost (powerful FoVM)
  9703 | D:10     | Identified the Tome of Feathery Battle Magic
  9742 | D:10     | Acquired Dithmenos's third power
 10275 | D:11     | Found Zotur's Food Emporium.
 10310 | D:11     | Noticed a hill giant
 10315 | D:11     | Killed a hill giant
 10315 | D:11     | Reached XP level 11. HP: 58/58 MP: 14/19
 10351 | D:11     | Found Gieweg's Distillery.
 10513 | D:11     | Reached skill level 13 in Stealth
 10564 | D:11     | Noticed a purple ugly thing
 10572 | D:11     | Killed a purple ugly thing
 10591 | D:11     | Found Kuch's General Store.
 10853 | D:11     | Found Doliocic's Magic Scroll Emporium.
 10957 | D:11     | Noticed a hill giant
 10967 | D:11     | Killed a hill giant
 10967 | D:11     | Reached skill level 10 in Evocations
 11042 | D:11     | Found a staircase to the Lair.
 11205 | D:12     | Noticed Frances
 11213 | D:12     | Killed Frances
 11222 | D:12     | Found a staircase to the Orcish Mines.
 11513 | D:12     | Found a frozen archway.
 11542 | IceCv    | Entered an ice cave
 11563 | IceCv    | Noticed an ice statue
 11563 | IceCv    | Noticed an ice statue
 11567 | IceCv    | Noticed an ice devil
 11568 | IceCv    | Noticed an ice devil
 11585 | IceCv    | Banished an ice statue
 11605 | IceCv    | Killed an ice statue
 11605 | IceCv    | Reached skill level 14 in Stealth
 11729 | IceCv    | Noticed a necromancer
 11733 | IceCv    | Killed a necromancer
 11733 | IceCv    | Acquired Dithmenos's fourth power
 11733 | IceCv    | Reached skill level 10 in Short Blades
 11777 | IceCv    | Noticed an ice devil
 11863 | IceCv    | Banished an ice devil
 11903 | IceCv    | Killed an ice devil
 11903 | IceCv    | Reached XP level 12. HP: 33/64 MP: 21/21
 11905 | IceCv    | Killed an ice devil
 12423 | D:12     | Noticed Rupert
 12430 | D:12     | Killed Rupert
 13043 | Lair:1   | Entered Level 1 of the Lair of Beasts
 13044 | Lair:1   | Noticed a five-headed hydra
 13060 | Lair:1   | Killed a five-headed hydra
 13202 | Lair:1   | Reached skill level 15 in Stealth
 13566 | Lair:1   | Noticed a four-headed hydra
 13570 | Lair:1   | Killed a four-headed hydra
 13575 | Lair:1   | Noticed a four-headed hydra
 13577 | Lair:1   | Killed a four-headed hydra
 14044 | Lair:2   | Found a glowing golden altar of the Shining One.
 14250 | Lair:2   | Reached XP level 13. HP: 69/69 MP: 23/23
 14306 | Lair:2   | Noticed a four-headed hydra
 14318 | Lair:2   | Killed a four-headed hydra
 14742 | Lair:2   | Identified 2 scrolls of acquirement
 14754 | Lair:2   | Gained mutation: You are somewhat resistant to further mutation. [potion of beneficial mutation]
 14917 | Lair:2   | Lost mutation: You are somewhat resistant to further mutation. [potion of cure mutation]
 15554 | Lair:3   | Reached skill level 16 in Stealth
 16152 | Lair:4   | Got a fabulously ornate robe
 16156 | Lair:4   | Identified the +0 robe of Cout {rCorr Str+5} (You found it on level 4 of the Lair of Beasts)
 16443 | Lair:4   | Found a staircase to the Swamp.
 17352 | Lair:5   | Found a deep blue altar of Sif Muna.
 18349 | Lair:6   | Reached skill level 15 in Dodging
 18435 | Lair:6   | Found a hole to the Spider Nest.
 18668 | Lair:6   | Reached skill level 17 in Stealth
 18989 | Lair:6   | Found a viscous altar of Jiyva.
 18989 | Lair:6   | Found a staircase to the Slime Pits.
 19313 | Lair:7   | Reached XP level 14. HP: 76/76 MP: 25/25
 19805 | Lair:7   | Gained mutation: You are resistant to electric shocks. [potion of beneficial mutation]
 19941 | Lair:7   | Reached skill level 10 in Fighting
 20218 | Lair:8   | Entered Level 8 of the Lair of Beasts
 21572 | Lair:8   | Gained mutation: You can spit weak poison. [potion of mutation]
 21572 | Lair:8   | Gained mutation: Potions and wands are less effective at restoring your health. [potion of mutation]
 21572 | Lair:8   | Gained mutation: You have a pair of small horns on your head. [potion of mutation]
 21774 | Lair:8   | Reached skill level 18 in Stealth
 22214 | Swamp:1  | Entered Level 1 of the Swamp
 22887 | Swamp:1  | Reached XP level 15. HP: 66/81 MP: 24/27
 23870 | Swamp:2  | Gained mutation: You are frail (-10% HP). [mutagenic glow]
 23989 | Swamp:2  | Lost mutation: You can spit weak poison. [potion of cure mutation]
 23989 | Swamp:2  | Lost mutation: You are resistant to electric shocks. [potion of cure mutation]
 23989 | Swamp:2  | Lost mutation: You are frail (-10% HP). [potion of cure mutation]
 24121 | Swamp:2  | Noticed Louise
 24127 | Swamp:2  | Killed Louise
 24760 | Swamp:3  | Reached skill level 15 in Evocations
 24778 | Swamp:3  | Noticed a thorn hunter
 24782 | Swamp:3  | Killed a thorn hunter
 24883 | Swamp:3  | Reached skill level 19 in Stealth
 25966 | Swamp:4  | Noticed a thorn hunter
 25970 | Swamp:4  | Killed a thorn hunter
 26505 | Swamp:5  | Entered Level 5 of the Swamp
 28499 | Swamp:5  | Reached XP level 16. HP: 85/88 MP: 28/28
 28501 | Swamp:5  | Noticed an azure jelly
 28793 | Swamp:5  | Got a decaying rune of Zot
 29062 | Swamp:3  | Reached skill level 20 in Stealth
 29387 | Spider:1 | Entered Level 1 of the Spider Nest
 30858 | Spider:2 | Got a faintly glowing robe
 30859 | Spider:2 | Identified the +1 robe "Ruraxyex" {+Inv rElec rF- Str+3} (You found it on level 2 of the Spider Nest)
 32844 | Spider:4 | Reached skill level 15 in Short Blades
 33379 | Spider:5 | Entered Level 5 of the Spider Nest
 33714 | Spider:5 | Reached skill level 21 in Stealth
 34332 | Spider:5 | Reached XP level 17. HP: 93/93 MP: 29/29
 34832 | Spider:5 | Got a gossamer rune of Zot
 35764 | D:13     | Noticed a centaur warrior
 35866 | D:13     | Noticed a six-headed hydra
 35868 | D:13     | Killed a six-headed hydra
 35874 | D:13     | Banished a centaur warrior
 36891 | D:13     | Found a gate to the Vaults.
 37789 | D:14     | Found a runed door.
 38460 | D:14     | Reached skill level 22 in Stealth
 38629 | D:15     | Entered Level 15 of the Dungeon
 38651 | D:15     | Noticed Josephine
 38666 | D:15     | Killed Josephine
 38794 | D:15     | Found a staircase to the Depths.
 39309 | D:15     | Found a burning altar of Makhleb.
 39833 | Vaults:1 | Entered Level 1 of the Vaults
 40417 | Vaults:1 | Reached XP level 18. HP: 100/100 MP: 30/30
 44042 | Vaults:2 | Reached skill level 23 in Stealth
 44249 | Vaults:2 | Noticed Sojobo
 44253 | Vaults:2 | Killed Sojobo
 44317 | Vaults:2 | Noticed Norris
 44326 | Vaults:2 | Killed Norris
 44335 | Vaults:2 | Noticed a lich
 45044 | Vaults:2 | Got a twisted robe
 45045 | Vaults:2 | Identified the cursed +1 robe of Biost {rF+ Str+2 Int+3} (You took it off a tengu conjurer on level 2 of the Vaults)
 45053 | Vaults:2 | Found a radiant altar of Vehumet.
 45339 | Vaults:2 | Got a brightly glowing hat
 45344 | Vaults:2 | Got a slimy robe
 45352 | Vaults:2 | Identified the +1 hat of Music {Regen+ Str+4} (You found it on level 2 of the Vaults)
 45353 | Vaults:2 | Identified the +1 robe of the Salamander {+Inv rElec Str-4 SInv} (You found it on level 2 of the Vaults)
 45432 | Vaults:2 | Banished a lich
 47197 | Vaults:3 | Reached XP level 19. HP: 60/106 MP: 22/31
 48871 | Vaults:3 | Found a staircase to the Crypt.
 48871 | Vaults:3 | Found an ancient bone altar of Kikubaaqudgha.
 48872 | Vaults:3 | Found a basalt altar of Yredelemnul.
 49407 | Vaults:3 | Reached skill level 24 in Stealth
 54534 | Vaults:4 | Upgraded the game from 0.17-a0-622-g12d63cc to 0.17-a0-633-gcf22183
 54545 | Vaults:5 | Entered Level 5 of the Vaults
 54704 | Vaults:5 | Reached XP level 20. HP: 37/112 MP: 4/32
 54743 | Vaults:5 | HP: 1/112 [salamander stormcaller/great blast of fire (35)]
 54744 | Vaults:5 | Engulfed by a salamander stormcaller's flame

Action                   |  1- 3 |  4- 6 |  7- 9 | 10-12 | 13-15 | 16-18 | 19-21 || total
-------------------------+-------+-------+-------+-------+-------+-------+-------++-------
Melee: Dagger            |    97 |   145 |   287 |   573 |  1358 |  1888 |   830 ||  5178
       Short sword       |       |       |    22 |       |       |       |       ||    22
 Fire: Blowgun           |     2 |     9 |     1 |       |       |       |       ||    12
Throw: Throwing net      |       |       |       |     1 |       |       |       ||     1
Invok: Shadow Step       |       |       |       |     4 |     9 |     8 |       ||    21
 Abil: Evoke Invisibilit |       |     2 |     9 |    10 |    25 |    31 |     9 ||    86
       Evoke Teleport Co |       |       |       |       |       |       |     1 ||     1
Evoke: Disc of storms    |       |       |       |       |       |     4 |       ||     4
       Wand              |       |       |       |       |       |     4 |     5 ||     9
  Use: Scroll            |     9 |     1 |    14 |     1 |    22 |    23 |     6 ||    76
       Potion            |       |       |       |     4 |    17 |     4 |     3 ||    28
 Stab: Sleeping          |     9 |     2 |    44 |    78 |   203 |   180 |    42 ||   558
       Invisible         |       |     3 |    13 |    13 |    54 |    99 |    33 ||   215
       Distracted        |       |       |       |     6 |    29 |    25 |    22 ||    82
       Held in net/web   |       |       |       |       |       |     1 |       ||     1
  Eat: Bread ration      |       |     1 |       |       |     2 |     5 |     1 ||     9
       Royal jelly       |       |       |     1 |     2 |     1 |     1 |       ||     5
       Pizza             |       |       |     1 |     1 |     2 |     1 |       ||     5
       Fruit             |       |       |       |     9 |    12 |     4 |     3 ||    28
